 Dungeon Crawl Stone Soup version 0.30-a0-702-gdf48620a09 (webtiles) character file.

Game seed: 5277185299491344718

5310 Newt the Skirmisher (level 10, -25/58 HPs)
             Began as a Kobold Hunter on Jan 21, 2023.
             Was a Believer of Hepliaklqana.
             Annihilated by a very large slime creature (31 damage)
             ... on level 9 of the Dungeon.
             The game lasted 00:08:43 (9053 turns).

Newt the Skirmisher (Kobold Hunter)                 Turns: 9053, Time: 00:08:44

Health: -25/58     AC: 11    Str:  8    XL:     10   Next: 95%
Magic:  0/13       EV: 23    Int: 11    God:    Hepliaklqana [**....]
Gold:   255        SH:  0    Dex: 29    Spells: 9/9 levels left

rFire   . . .      SeeInvis .    b - +10 short sword "Killer Bee's Death" {heavy, *Corrode +Blink rC++ Stlth+}
rCold   + + .      Faith    .    (no shield)
rNeg    . . .      Spirit   +    c - +1 leather armour
rPois   .          Reflect  .    B - +0 hat
rElec   .          Harm     .    j - +2 cloak
rCorr   .          Rampage  .    (no gloves)
Will    .....                    (no boots)
Stlth   +++++++                  e - amulet of guardian spirit
HPRegen 0.29/turn                C - +6 ring of dexterity
MPRegen 0.13/turn                A - +4 ring of protection

@: studying Evocations
A: reduced essence, small, no large weapons, nightstalker 3
a: Renounce Religion, Evoke Blink, Recall Ancestor, Ancestor Identity


You were on level 9 of the Dungeon.
You worshipped Hepliaklqana.
Hepliaklqana was pleased with you.
You visited 2 branches of the dungeon, and saw 10 of its levels.
You also visited: Sewer.

You collected 375 gold pieces.
You spent 120 gold pieces at shops.

Inventory:

Hand Weapons
 a - a +1 shortbow of draining
 b - the +10 short sword "Killer Bee's Death" (weapon) {heavy, *Corrode +Blink rC++ Stlth+}
   (You found it on level 6 of the Dungeon)

   rC:        It greatly protects you from cold.
   +Blink:    It lets you blink.
   *Corrode:  It may corrode you when you take damage.
   Stlth:     It makes you more stealthy.
 F - a +1 shortbow
Armour
 c - a +1 leather armour (worn)
 j - a +2 cloak (worn)
 m - an orb of mayhem
 B - a +0 hat (worn)
Jewellery
 d - a ring of protection from fire
 e - an amulet of guardian spirit (around neck)
 y - a ring of positive energy
 A - a +4 ring of protection (right hand)
 C - a +6 ring of dexterity (left hand)
Wands
 D - a wand of quicksilver (7)
Scrolls
 g - 3 scrolls of magic mapping
 r - a scroll of blinking {unknown}
 t - 3 scrolls of teleportation
 u - a scroll of butterflies
 v - 2 scrolls of fog
 w - 3 scrolls of immolation
 G - a scroll of amnesia {unknown}
 H - 2 scrolls of identify
 I - a scroll of enchant weapon
Potions
 f - 2 potions of berserk rage
 h - a potion of magic {unknown}
 i - 3 potions of might
 k - 2 potions of curing
 l - a potion of lignification {unknown}
 n - a potion of degeneration {unknown}
 o - 3 potions of resistance {unknown}
 p - 4 potions of haste {unknown}
 q - a potion of flight {unknown}
 s - 5 potions of heal wounds
 x - a potion of attraction {unknown}
 z - 2 potions of invisibility {unknown}
 E - 2 potions of brilliance {unknown}


   Skills:
 + Level 8.9 Fighting
 - Level 6.0 Short Blades
 - Level 9.0 Ranged Weapons
 - Level 9.0 Dodging
 - Level 9.0 Stealth
 - Level 5.0 Invocations
 - Level 6.0 Evocations


You had 9 spell levels left.
You didn't know any spells.
Your spell library contained the following spells:

 Spells                   Type           Power      Damage    Failure   Level
 Sandblast                Erth           0%         2d4       45%         1
 Passwall                 Tmut/Erth      0%         N/A       61%         2
 Inner Flame              Hex/Fire       0%         N/A       83%         3
 Portal Projectile        Hex/Tloc       0%         N/A       83%         3
 Stone Arrow              Conj/Erth      0%         3d7       83%         3
 Tukima's Dance           Hex            0%         N/A       83%         3
 Cause Fear               Hex            0%         N/A       99%         4
 Blade Hands              Tmut           0%         N/A       100%        5
 Discord                  Hex            0%         N/A       100%        8


Dungeon Overview and Level Annotations

Branches:
Dungeon (9/15)             Temple (1/1) D:5            Lair (0/5) D:9
  Sewer (visited)
    Orc: D:9-12

Altars:
Ashenzari
Cheibriados
Dithmenos
Elyvilon
Fedhas
Gozag
Hepliaklqana
Kikubaaqudgha
Makhleb
Nemelex Xobeh
Okawaru
Qazlal
Ru
Sif Muna
Trog
Uskayaw
Vehumet
Wu Jian
Xom
Yredelemnul
Zin
The Shining One

Shops:
D:5 **![


Innate Abilities, Weirdness & Mutations

Your life essence is reduced to manifest your ancestor. (-10% HP)
You are small and have problems with some larger weapons.
You are completely attuned to the shadows.


Message History

The slime creature is heavily wounded.
The slime creature barely misses you.
You hit the slime creature.
The slime creature is heavily wounded.
The slime creature hits you!
You impale the slime creature!!
The slime creature is almost dead.
Two slime creatures merge to form a large slime creature.
The slime creature misses you.
Two slime creatures merge to form a very large slime creature.
You completely miss the slime creature.
The slime creature is almost dead.
The slime creature hits you.
Your corrosive artefact corrodes you!
You puncture the slime creature!
You kill the slime creature!
Two slime creatures merge to form an enormous slime creature.
There is an open door here.
There is an open door here.
The slime creature closely misses you.
There is an open door here.
You hit the slime creature.
The slime creature is lightly wounded.
The slime creature closely misses you. The slime creature hits you.
Two slime creatures merge to form a large slime creature.
Two slime creatures merge to form a very large slime creature.
You are no longer corroded.
There is an open door here.
You open the door.
There is an open door here.
The very large slime creature attacks as you move away!
The very large slime creature hits you but does no damage.
The very large slime creature attacks as you move away!
The very large slime creature hits you!!!
Ouch! That really hurt!
* * * LOW HITPOINT WARNING * * *
Okay, then.
The very large slime creature attacks as you move away!
The very large slime creature hits you!!
Ouch! That really hurt!
You die...

##### ###### #...# #....#
#'#R###'##.#########
############.##.##.##.........#
.........##...###...##........#
.........'.....'@J...'......###
........###...#'#...###.....#
.......##.##.##.##.##.####..#
......##...###...###...###..#
#######.....#.....#.....##..#
.....J'..†..J.....'.....'..##
......#.....#.....#.....##.#
.....###...###...###...###.#
....##.##.##.##.##.##.##.###


You could see a very large slime creature.

Vanquished Creatures
  2 slime creatures (D:9)
  2 yaks (D:9)
  2 wyverns
  2 wraiths (D:9)
  A steam dragon (D:6)
  Grum (D:8)
  A water moccasin (D:4)
  3 black bears
  An ice beast (D:5)
  An orc warrior (D:8)
  2 sky beasts (D:7)
  2 wolves (D:8)
  2 ogres (D:4)
  A centaur (D:9)
  A phantom (D:6)
  5 kobold brigands (Sewer)
  2 gnoll sergeants
  4 bullfrogs
  2 scorpions (D:6)
  2 wights (D:9)
  A killer bee (D:9)
  2 hounds
  2 orc priests (D:7)
  A jelly (D:8)
  A gnoll bouda (D:7)
  Jessica (D:2)
  An iguana (D:6)
  An orc wizard (D:6)
  12 gnolls
  6 adders
  3 river rats (Sewer)
  2 shadow imps
  A white imp (D:5)
  5 worms
  2 dart slugs
  13 orcs
  11 ball pythons
  5 bats
  16 endoplasms
  2 giant cockroaches
  6 hobgoblins
  15 kobolds
  4 quokkas
  2 frilled lizards (D:1)
  9 goblins
  10 rats
173 creatures vanquished.

Vanquished Creatures (collateral kills)
  A shadow (D:9)
  A wyvern (D:9)
  A wraith (D:9)
  A yak (D:9)
  An orc warrior (D:7)
  A centaur (D:8)
  2 wights (D:9)
  2 killer bees (D:9)
  2 orc wizards (D:8)
  2 gnolls
14 creatures vanquished.

Vanquished Creatures (others)
  A knight (D:9)
  4 ancestors
  A bat (D:3)
  4 fungi (D:9)
  27 plants
37 creatures vanquished.

Grand Total: 224 creatures vanquished

Notes
Turn   | Place    | Note
-------+----------+-------------------------------------------
     0 | D:1      | Newt the Kobold Hunter began the quest for the Orb.
     0 | D:1      | Reached XP level 1. HP: 12/12 MP: 1/1
   130 | D:1      | Reached XP level 2. HP: 17/17 MP: 2/2
   789 | D:2      | Noticed Jessica
   793 | D:2      | Killed Jessica
   794 | D:2      | Reached XP level 3. HP: 18/24 MP: 3/3
  1010 | D:2      | Reached XP level 4. HP: 29/29 MP: 4/4
  1565 | D:2      | Found a faded altar of an unknown god.
  1779 | D:3      | Found a glowing drain.
  1785 | Sewer    | Entered a sewer
  1890 | Sewer    | Noticed a kobold brigand
  1898 | Sewer    | Killed a kobold brigand
  1899 | Sewer    | Reached XP level 5. HP: 30/33 MP: 3/5
  1988 | Sewer    | Noticed a kobold brigand
  2004 | Sewer    | Killed a kobold brigand
  2005 | Sewer    | Reached XP level 6. HP: 23/38 MP: 4/6
  2591 | Sewer    | Reached XP level 7. HP: 30/43 MP: 5/7
  3380 | D:4      | Found an iron altar of Okawaru.
  3380 | D:4      | Found a white marble altar of Elyvilon.
  3452 | D:4      | Reached skill level 5 in Dodging
  3559 | D:4      | Reached skill level 5 in Stealth
  3559 | D:4      | Reached XP level 8. HP: 16/48 MP: 0/8
  3935 | D:4      | Reached skill level 5 in Fighting
  4201 | D:5      | Entered Level 5 of the Dungeon
  4247 | D:5      | Found Eropnag's Assorted Antiques.
  4294 | D:5      | Found Veteg's Distillery.
  4300 | D:5      | Bought a potion of heal wounds for 60 gold pieces
  4300 | D:5      | Bought a potion of heal wounds for 60 gold pieces
  4333 | D:5      | Found Yfeumeq's Antique Armour Shop.
  4563 | D:5      | Found a staircase to the Ecumenical Temple.
  4693 | D:5      | Found Inet Ysk's General Store.
  4742 | Temple   | Entered the Ecumenical Temple
  5011 | Temple   | Became a worshipper of Hepliaklqana the Forgotten
  5399 | D:6      | Found an ornate altar of the Wu Jian Council.
  5468 | D:6      | Identified the +10 short sword "Killer Bee's Death" {heavy,
                  | *Corrode +Blink rC++ Stlth+}
  5611 | D:6      | You fall into a shaft and drop 1 floor!
  5745 | D:6      | Reached XP level 9. HP: 57/57 MP: 9/9
  5839 | D:6      | Identified the +0 robe of Ignis's Favour {Int+5 Stlth+}
  6091 | D:7      | Reached * piety under Hepliaklqana
  6394 | D:7      | Found an ancient bone altar of Kikubaaqudgha.
  6633 | D:7      | Reached skill level 5 in Short Blades
  7525 | D:8      | Reached XP level 10. HP: 56/56 MP: 10/10
  7826 | D:8      | Noticed Grum
  7841 | D:8      | Killed Grum
  7842 | D:8      | Reached skill level 1 in Evocations
  8440 | D:9      | Found a staircase to the Lair.
  8444 | D:9      | Reached ** piety under Hepliaklqana
  8447 | D:9      | Remembered your ancestor Yayatum as a knight
  8469 | D:9      | Reached skill level 1 in Invocations
  8763 | D:9      | Reached skill level 5 in Invocations
  9053 | D:9      | Annihilated by a very large slime creature

Illustrated notes

Levels and vault maps discovered:
D:1:      lemuel_arrival_hallway, layout_loops_ring
D:2:      layout_loops_ring, dreamdust_ecumenical_altar_angels_and_demons,
          serial_bayou_lake_a, uniq_jessica
D:3:      layout_basic, cheibrodos_sewer_entry_sluice, glass_columns_c,
          st_stairs_12, hex_tiny
D:4:      layout_rooms, nicolae_overflow_two_pavilions, hex_large,
          nrook_mini_backslash, minmay_misc_feat_more_columns,
          serial_bayou_pond_c
D:5:      layout_loops_cross, minmay_temple_entry_hall, serial_shops,
          nicolae_shop_trees, shop, shop, shop, minmay_holes
D:6:      layout_rooms, mainiacjoe_overflow_24_doors
D:7:      layout_loops_ring, mainiacjoe_overflow_paths,
          ebering_dispersal_statue_hall
D:8:      layout_basic, uniq_grum
D:9:      layout_irregular_city, lair_entry_dummy, dreamdust_princess_bridge,
          dreamdust_mushroom_princess, minmay_misc_feat_enclosed,
          nicolae_hexahallways
Temple:   regret_index_temple_mists

Skill      XL: |  1  2  3  4  5  6  7  8  9 10 |
---------------+-------------------------------+-----
Stealth        | 2 3 5 7 9 |  9.0
Fighting       | 3 4 7 8 |  8.9
Ranged Weapons | 7 8 9 |  9.0
Dodging        | 3 5 8 9 |  9.0
Short Blades   | 6 |  6.0
Evocations     | 6 |  6.0
Invocations    | 5 |  5.0

Action                   |  1- 3 |  4- 6 |  7- 9 | 10-12 || total
-------------------------+-------+-------+-------+-------++-------
Melee: Short sword       |       |       |    77 |    29 ||   106
       Punch             |       |       |     2 |       ||     2
 Fire: Shortbow          |    40 |   190 |   222 |    87 ||   539
Invok: Ancestor Life: Kn |       |       |       |     1 ||     1
  Use: Scroll            |     5 |     3 |     7 |       ||    15
       Potion            |       |       |     4 |       ||     4
 Stab: Sleeping          |       |       |     8 |       ||     8
       Distracted        |       |       |     1 |     1 ||     2
Armor: Leather armour    |     3 |    16 |    62 |    11 ||    92
Dodge: Dodged            |    17 |    72 |   174 |    75 ||   338

Table legend: (Time is in decaauts)
 A = Elapsed time spent in this place.
 B = Non-inter-level travel time spent in this place.
 C = Inter-level travel time spent in this place.
 D = Time resting spent in this place.
 E = Time spent auto-exploring this place.
 F = Levels seen in this place.
 G = Mean time per level.
                   A        B        C        D        E       F      G
               +--------+--------+--------+--------+--------+-----+--------+
         Total |   9450 |   9105 |    345 |    988 |   6798 |  11 |  859.1 |
       Dungeon |   7991 |   7716 |    275 |    988 |   5640 |   9 |  887.9 |
        Temple |    380 |    310 |     70 |      0 |    286 |   1 |  380.0 |
         Sewer |   1079 |   1079 |      0 |      0 |    872 |   1 | 1079.0 |
               +--------+--------+--------+--------+--------+-----+--------+

Top non-repeatable levels by time:
     D:7: 1150 daAuts
   Sewer: 1079 daAuts
     D:8: 1046 daAuts
     D:2: 992 daAuts
     D:4: 975 daAuts
     D:6: 833 daAuts
     D:5: 782 daAuts
     D:1: 774 daAuts
     D:9: 772 daAuts
     D:3: 662 daAuts
  Temple: 380 daAuts
